AoeStats
← 叱咤月海鱼鱼猫

Nomad

508383075Analyzed
4v4 RM · 8d ago on Sep 22, 2026· 32m 47s· 8 players
Game mode
Random Map
Map size
231×231
Population
200
Speed
Normal
Resources
Standard
Victory
Conquest
Starting age
Dark Age
Ending age
Imperial Age
RankedLock teamsTeams togetherTeam positionsShared explorationLock speedFull tech treeHidden civsTurbo modeCheats
Victory
Defeat
🇨🇳 Koreans · China
1032
+11
🇦🇷 Aztecs · Argentina
1020
+11
🇵🇰 Mongols · Pakistan
951
+14
🇨🇳 Romans · China
869
+36
🇺🇸 Sicilians · United States
940
-15
🇵🇪 Japanese · Peru
909
-13
🇲🇽 Spanish · Mexico
905
-13
🇦🇷 Italians · Argentina
888
-12
tugou
9:27 Loom
14:21 Feudal Age
18:23 Castle Age
16:18 Double-Bit Axe
16:27 Gold Mining
16:31 Stone Mining
17:51 Fishing Lines
19:18 Bow Saw
19:40 Fletching
19:53 Gillnets
20:58 Wheelbarrow
20:38 Bodkin Arrow
22:04 Gold Shaft Mining
25:18 Ballistics
29:32 Imperial Age
27:46 Hand Cart
30:16 Bracer
31:42 Chemistry
30:46 Elite War Wagon
32:33 Conscription
33:38 Two-Man Saw
叱咤月海鱼鱼猫
8:52 Loom
11:56 Feudal Age
14:59 Horse Collar
17:04 Wheelbarrow
20:36 Man-at-Arms
maya knight
10:28 Loom
14:09 Feudal Age
29:11 Castle Age
27:41 Double-Bit Axe
30:24 Forging
30:14 Scale Mail Armor
30:35 Eagle Warrior
sehal
4:57 Loom
12:37 Feudal Age
20:54 Castle Age
19:48 Horse Collar
20:03 Fletching
20:43 Double-Bit Axe
30:54 Bodkin Arrow
31:28 Padded Archer Armor
33:01 Gold Mining
33:05 Stone Mining
defendjuice
3:36 Loom
14:07 Feudal Age
15:52 Wheelbarrow
15:03 Town Watch
15:19 Double-Bit Axe
18:21 Arson
18:40 Gold Mining
19:45 Man-at-Arms
20:52 Forging
20:43 Scale Mail Armor
20:33 Fletching
23:25 Stone Mining
29:30 Castle Age
30:19 Bodkin Arrow
31:12 Iron Casting
31:22 Chain Mail Armor
Sr.pollo
7:10 Loom
16:38 Feudal Age
17:05 Fishing Lines
20:33 Double-Bit Axe
20:34 Horse Collar
21:53 Gold Mining
26:18 Castle Age
24:25 Stone Mining
24:51 Padded Archer Armor
25:43 Bloodlines
25:59 Fletching
26:36 Town Watch
27:45 Heavy Plow
29:29 Gillnets
29:53 Town Patrol
BERLUj
17:47 Feudal Age
16:04 Loom
19:04 Wheelbarrow
18:14 Town Watch
18:33 Fishing Lines
19:34 Double-Bit Axe
21:33 Stone Mining
21:35 Gold Mining
26:30 Castle Age
28:30 Stone Shaft Mining
Causa rellena
17:40 Loom
21:00 Feudal Age
23:09 Wheelbarrow
24:00 Fishing Lines
30:03 Castle Age
28:38 Gold Mining
28:40 Stone Mining
29:03 Man-at-Arms
29:28 Arson
31:02 Hand Cart
30:37 Double-Bit Axe
31:40 Gillnets
Connection lost

Rejoining the realm…

Still unreachable

The connection could not be restored.

Session expired

The server has moved on; the page needs a fresh start.